Oilers vs Canadiens
(R3)
Created - 12 mai 2016 at 19:06
Goals
|
| Oilers |
2 |
1 |
1 |
4 |
| Canadiens |
1 |
3 |
2 |
6 |
|
Shots
|
| Oilers |
10 |
7 |
9 |
26 |
| Canadiens |
6 |
19 |
9 |
34 |
|
1st period
1. Oilers , Tomas Fleischmann 1 (Patrick Kane, David Hale) at 8:33
2. Canadiens , Marek Svatos 4 (Dan Boyle, Marc Savard) at 9:49 (PP)
3. Oilers , Brian Sutherby 1 (Ian White, Wayne Simmonds) at 10:58
Penalties :
David Hale (Edm) for Tripping (Minor) at 2:31, Ian White (Edm) for Slashing (Minor) at 8:57, Dennis Wideman (Mon) for Fighting (Major) at 10:04, Tomas Fleischmann (Edm) for Fighting (Major) at 10:04, Denis Grebeshkov (Mon) for Hooking (Minor) at 12:05, Brian Sutherby (Edm) for Roughing (Minor) at 15:10
2nd period
4. Canadiens , Drew Miller 5 (Devin Setoguchi, Brooks Laich) at 2:59 (PP)
5. Canadiens , Patrick Sharp 5 (Marek Svatos) at 5:59
6. Canadiens , Marek Svatos 5 (Dan Boyle, Patrick Sharp) at 7:30
7. Oilers , Jonathan Toews 2 (Ilya Kovalchuk, Patrick Kane) at 12:05 (PP)
Penalties :
Danny Richmond (Edm) for Roughing (Minor) at 2:53, Marc Savard (Mon) for Hooking (Minor) at 8:07, Marek Svatos (Mon) for Hooking (Minor) at 11:50, Paul Stastny (Edm) for Hooking (Minor) at 13:26, Danny Richmond (Edm) for Roughing (Double Minor) at 17:20
3rd period
8. Canadiens , Dustin Boyd 1 (Cam Janssen) at 2:57
9. Oilers , Oleg Saprykin 2 (Danny Richmond, Brian Sutherby) at 17:03 (SH)
10. Canadiens , Greg Stewart 1 (Brooks Laich) at 19:38 (SH) (Empty Net)
Penalties :
Ted Purcell (Edm) for Slashing (Minor) at 6:39, Riley Cote (Mon) for Hooking (Minor) at 8:55, Tomas Fleischmann (Edm) for Cross-checking (Minor) at 16:23, Patrick Sharp (Mon) for Hooking (Minor) at 18:47
Goalie Stats
Cam Ward (Edm), 12 saves from 16 shots - (0,750), 27:30 minutes
Sebastien Caron (Edm), 16 saves from 17 shots - (0,941), L, 0-1-0, 31:55 minutes
Jonathan Bernier (Mon), 22 saves from 26 shots - (0,846), W, 4-3-0, 60:00 minutes
Players Stats for Oilers
Player Name G A P +/- PIM S H SB GA TA FO MP PP MP PK MP
------------------------------------------------------------------------------------
Brian Sutherby 1 1 2 2 2 1 0 0 0 1 9/15 11:23 0:00 5:50
Danny Richmond 0 1 1 -1 6 1 2 2 1 0 0/0 26:54 4:03 4:56
David Hale 0 1 1 1 2 0 2 2 1 1 0/0 20:02 0:00 6:24
Ian White 0 1 1 0 2 1 0 2 0 0 0/0 25:23 3:21 7:45
Ilya Kovalchuk 0 1 1 -3 0 4 5 2 3 0 2/2 25:15 4:27 7:49
Jonathan Toews 1 0 1 -3 0 2 3 0 0 1 17/32 16:33 4:18 0:32
Kurt Sauer 0 0 0 -2 0 0 3 1 0 2 0/0 23:28 2:18 7:10
Oleg Saprykin 1 0 1 1 0 3 2 0 1 0 0/0 15:15 0:09 6:45
Patrick Kaleta 0 0 0 0 0 0 0 1 0 0 0/0 8:14 0:00 0:00
Patrick Kane 0 2 2 -1 0 3 1 1 0 0 0/1 17:23 4:18 1:01
Paul Stastny 0 0 0 0 2 2 1 0 0 0 4/12 15:11 3:06 0:00
Peter Regin 0 0 0 0 0 2 0 1 2 0 4/11 15:53 0:00 7:29
Stephane Robidas 0 0 0 0 0 0 0 0 0 0 0/0 7:58 1:03 1:17
Steve Begin 0 0 0 1 0 2 1 0 1 0 0/0 5:53 0:00 0:18
Ted Purcell 0 0 0 -2 2 2 1 0 2 0 0/1 14:47 3:06 0:00
Tomas Fleischmann 1 0 1 0 7 1 1 1 0 0 0/1 12:53 2:04 0:00
Wayne Simmonds 0 1 1 1 0 1 1 0 0 0 0/0 6:16 0:44 0:00
Zach Bogosian 0 0 0 0 0 1 2 0 0 0 0/0 16:18 4:03 2:12
Players Stats for Canadiens
Player Name G A P +/- PIM S H SB GA TA FO MP PP MP PK MP
------------------------------------------------------------------------------------
Brooks Laich 0 2 2 -1 0 0 0 0 0 0 13/17 18:47 5:58 2:04
Cam Janssen 0 1 1 1 0 0 4 0 0 1 0/0 7:28 0:13 0:00
Dan Boyle 0 2 2 0 0 0 3 0 0 2 0/0 22:46 8:14 0:47
Denis Grebeshkov 0 0 0 0 2 1 1 0 0 0 0/0 15:46 6:38 1:38
Dennis Wideman 0 0 0 2 5 1 2 2 0 3 0/0 26:37 8:14 1:38
Devin Setoguchi 0 1 1 0 0 2 2 0 0 0 0/0 12:18 5:58 0:00
Drew Miller 1 0 1 -2 0 5 1 0 1 0 1/2 21:42 5:58 4:52
Dustin Boyd 1 0 1 1 0 2 1 0 0 0 0/4 6:53 0:00 0:00
Greg Stewart 1 0 1 1 0 2 0 0 0 0 0/0 9:12 0:13 2:24
Jiri Fischer 0 0 0 0 0 2 3 3 1 0 0/0 22:59 0:00 4:59
Ladislav Smid 0 0 0 0 0 0 0 0 0 0 0/0 11:16 0:00 4:59
Marc Savard 0 1 1 1 2 3 2 0 1 0 17/35 22:04 8:41 0:00
Marek Svatos 2 1 3 1 2 6 2 1 1 2 0/1 22:41 8:33 0:47
Matt Carle 0 0 0 0 0 2 1 0 0 0 0/0 20:40 6:38 0:47
Maxim Talbot 0 0 0 0 0 1 1 0 1 0 5/11 12:08 0:21 4:41
Patrick Sharp 1 1 2 1 2 4 2 0 0 1 3/5 21:42 8:41 0:00
Rene Bourque 0 0 0 -2 0 3 1 0 0 1 0/0 10:38 0:00 0:00
Riley Cote 0 0 0 1 2 0 1 0 0 1 0/0 6:53 0:00 0:00
3 Stars
1 - Marek Svatos (Mon)
2 - Patrick Sharp (Mon)
3 - Brian Sutherby (Edm)
Power Play
Oilers - 1 on 5 Attempt(s) - 20,00%
Canadiens - 2 on 9 Attempt(s) - 22,22%
Penalty Kill
Oilers - 7 on 9 Attempt(s) - 77,78%
- Score 1 goal in Penalty Kill
Canadiens - 4 on 5 Attempt(s) - 80,00%
- Score 1 goal in Penalty Kill
Team Stat
Oilers - Hits : 25 - Faceoff Wins : 36 - Blocked Shots : 13 - Penalty Minutes : 23
Canadiens - Hits : 27 - Faceoff Wins : 39 - Blocked Shots : 6 - Penalty Minutes : 15
Official
Referees : Charron Francis and McCauley Wes
Linesman : Derek Nansen and Vaughan Rody
Game Notes
Dennis Wideman and Tomas Fleischmann fight to a draw at 10:04 of 1st period
Stephane Robidas is injured at 5:49 of 2nd period (Strained Left Knee)
Sebastien Caron enters game at 7:30 of 2nd period
Greg Stewart has scored in a empty net!
Finance
Level 1 -- Attendance: 6000 (100,00%) -- Ticket Income 516 000 $
Level 2 -- Attendance: 5000 (100,00%) -- Ticket Income 250 000 $
Level 3 -- Attendance: 2000 (100,00%) -- Ticket Income 62 000 $
Level 4 -- Attendance: 4000 (100,00%) -- Ticket Income 88 000 $
Luxury Box -- Attendance: 1000 (100,00%) -- Ticket Income 165 000 $
Game was played at the Centre Bell.
Total Attendance: 18000 (100,00%)
Total Ticket Income: 1 081 000 $
Other Income: 162 150 $
Total Income: 1 243 150 $
Oilers
5 vs 5 Forward
Center Left Wing Right Wing Time % Phy DF OF
1 Jonathan Toews Ilya Kovalchuk Ted Purcell 38 1 2 2
2 Paul Stastny Tomas Fleischmann Patrick Kane 37 1 2 2
3 Peter Regin Oleg Saprykin Patrick Kaleta 15 1 2 2
4 Brian Sutherby Steve Begin Wayne Simmonds 10 1 2 2
5 vs 5 Defense
Defense Defense Time % Phy DF OF
1 Danny Richmond Kurt Sauer 37 1 2 2
2 Ian White David Hale 32 1 2 2
3 Stephane Robidas Zach Bogosian 26 1 2 2
4 Ian White Stephane Robidas 5 1 2 2
PowerPlay Forward
Center Left Wing Right Wing Time % Phy DF OF
1 Jonathan Toews Ilya Kovalchuk Patrick Kane 65 0 2 3
2 Paul Stastny Tomas Fleischmann Ted Purcell 35 0 2 3
PowerPlay Defense
Defense Defense Time % Phy DF OF
1 Ian White Stephane Robidas 50 1 2 2
2 Danny Richmond Zach Bogosian 50 1 2 2
Penalty Kill 4 Players Forward
Center Wing Time % Phy DF OF
1 Peter Regin Ilya Kovalchuk 50 1 3 1
2 Brian Sutherby Oleg Saprykin 50 1 3 1
Penalty Kill 4 Players Defense
Defense Defense Time % Phy DF OF
1 Ian White David Hale 50 1 3 1
2 Danny Richmond Kurt Sauer 50 1 3 1
Penalty Kill - 3 Players Forward
Forward Time % Phy DF OF
1 Ilya Kovalchuk 50 1 4 0
2 Jonathan Toews 50 1 4 0
Penalty Kill - 3 Players Defense
Defense Defense Time % Phy DF OF
1 Ian White Stephane Robidas 50 1 4 0
2 Danny Richmond Kurt Sauer 50 1 4 0
4 vs 4 Forward
Center Wing Time % Phy DF OF
1 Paul Stastny Patrick Kane 50 1 2 2
2 Jonathan Toews Ilya Kovalchuk 50 1 2 2
4 vs 4 Defense
Defense Defense Time % Phy DF OF
1 Ian White Stephane Robidas 50 1 2 2
2 Danny Richmond Kurt Sauer 50 1 2 2
Last Minutes Offensive
Center Left Wing Right Wing Defense Defense
Jonathan Toews Ilya Kovalchuk Patrick Kane Danny Richmond Ian White
Last Minutes Defensive
Center Left Wing Right Wing Defense Defense
Jonathan Toews Ilya Kovalchuk Patrick Kane Danny Richmond Ian White
Goaltenders
Starting : Cam Ward
Backup : Sebastien Caron
Extra Forwards
Normal : Patrick Kane, Ilya Kovalchuk, Jonathan Toews - PP : Ted Purcell, Wayne Simmonds - PK : Patrick Kane
Extra Defensemen
Normal : Zach Bogosian, Stephane Robidas, Ian White - PP : Kurt Sauer - PK : Stephane Robidas, Zach Bogosian
Penalty Shots
Patrick Kane, Ilya Kovalchuk, Jonathan Toews, Paul Stastny, Tomas Fleischmann
Canadiens
5 vs 5 Forward
Center Left Wing Right Wing Time % Phy DF OF
1 Marc Savard Patrick Sharp Marek Svatos 40 1 2 2
2 Brooks Laich Drew Miller Rene Bourque 30 1 2 2
3 Maxim Talbot Greg Stewart Devin Setoguchi 20 1 2 2
4 Dustin Boyd Riley Cote Cam Janssen 10 1 2 2
5 vs 5 Defense
Defense Defense Time % Phy DF OF
1 Jiri Fischer Dennis Wideman 40 1 2 2
2 Dan Boyle Matt Carle 30 1 2 2
3 Ladislav Smid Denis Grebeshkov 20 1 2 2
4 Dan Boyle Dennis Wideman 10 1 2 2
PowerPlay Forward
Center Left Wing Right Wing Time % Phy DF OF
1 Marc Savard Patrick Sharp Marek Svatos 60 1 2 2
2 Brooks Laich Drew Miller Devin Setoguchi 40 1 2 2
PowerPlay Defense
Defense Defense Time % Phy DF OF
1 Dan Boyle Dennis Wideman 60 1 2 2
2 Denis Grebeshkov Matt Carle 40 1 2 2
Penalty Kill 4 Players Forward
Center Wing Time % Phy DF OF
1 Maxim Talbot Drew Miller 60 1 2 2
2 Brooks Laich Greg Stewart 40 1 2 2
Penalty Kill 4 Players Defense
Defense Defense Time % Phy DF OF
1 Jiri Fischer Ladislav Smid 60 1 2 2
2 Denis Grebeshkov Dennis Wideman 40 1 2 2
Penalty Kill - 3 Players Forward
Forward Time % Phy DF OF
1 Marc Savard 60 1 2 2
2 Brooks Laich 40 1 2 2
Penalty Kill - 3 Players Defense
Defense Defense Time % Phy DF OF
1 Jiri Fischer Ladislav Smid 60 1 2 2
2 Denis Grebeshkov Dennis Wideman 40 1 2 2
4 vs 4 Forward
Center Wing Time % Phy DF OF
1 Marc Savard Patrick Sharp 60 1 2 2
2 Maxim Talbot Drew Miller 40 1 2 2
4 vs 4 Defense
Defense Defense Time % Phy DF OF
1 Dan Boyle Dennis Wideman 60 1 2 2
2 Jiri Fischer Ladislav Smid 40 1 2 2
Last Minutes Offensive
Center Left Wing Right Wing Defense Defense
Marc Savard Patrick Sharp Marek Svatos Dan Boyle Dennis Wideman
Last Minutes Defensive
Center Left Wing Right Wing Defense Defense
Marc Savard Drew Miller Rene Bourque Jiri Fischer Dennis Wideman
Goaltenders
Starting : Jonathan Bernier
Backup : Miika Kiprusoff
Extra Forwards
Normal : Greg Stewart, Maxim Talbot, Dustin Boyd - PP : Maxim Talbot, Greg Stewart - PK : Marek Svatos
Extra Defensemen
Normal : Jiri Fischer, Matt Carle, Dennis Wideman - PP : Jiri Fischer - PK : Matt Carle, Dennis Wideman
Penalty Shots
Marc Savard, Drew Miller, Patrick Sharp, Rene Bourque, Marek Svatos
% Time on Ice - Oilers
Lines # - Real PCT - Wanted PCT - Time Play
Normal Forward
1 - 32% - 38% - 11:56
2 - 32% - 37% - 12:02
3 - 22% - 15% - 8:14
4 - 15% - 10% - 5:32
Normal Defense
1 - 39% - 37% - 14:53
2 - 32% - 32% - 11:56
3 - 25% - 26% - 9:35
4 - 4% - 5% - 1:20
PP Forward
1 - 58% - 65% - 4:18
2 - 42% - 35% - 3:06
PP Defense
1 - 45% - 50% - 3:21
2 - 55% - 50% - 4:03
PK Forward
1 - 52% - 50% - 7:40
2 - 48% - 50% - 7:12
PK Defense
1 - 50% - 50% - 7:22
2 - 50% - 50% - 7:30
PK3 Forward
1 - 0% - 50%
2 - 0% - 50%
PK3 Defense
1 - 0% - 50%
2 - 0% - 50%
44 Forward
1 - 0% - 50%
2 - 0% - 50%
44 Defense
1 - 0% - 50%
2 - 0% - 50%
Last Minute Offensive - 0:00
Last Minute Defensive - 0:00
Total
Forward - 60:00
Defense - 60:00
|
% Time on Ice - Canadiens
Lines # - Real PCT - Wanted PCT - Time Play
Normal Forward
1 - 36% - 40% - 13:31
2 - 28% - 30% - 10:45
3 - 17% - 20% - 6:35
4 - 18% - 10% - 6:53
Normal Defense
1 - 46% - 40% - 17:20
2 - 33% - 30% - 12:27
3 - 16% - 20% - 6:02
4 - 5% - 10% - 1:55
PP Forward
1 - 60% - 60% - 8:54
2 - 40% - 40% - 5:58
PP Defense
1 - 55% - 60% - 8:14
2 - 45% - 40% - 6:38
PK Forward
1 - 72% - 60% - 5:20
2 - 28% - 40% - 2:04
PK Defense
1 - 67% - 60% - 4:59
2 - 33% - 40% - 2:25
PK3 Forward
1 - 0% - 60%
2 - 0% - 40%
PK3 Defense
1 - 0% - 60%
2 - 0% - 40%
44 Forward
1 - 0% - 60%
2 - 0% - 40%
44 Defense
1 - 0% - 60%
2 - 0% - 40%
Last Minute Offensive - 0:00
Last Minute Defensive - 0:00
Total
Forward - 60:00
Defense - 60:00
|
Play by Play
1st period
0:01 of 1st period - Jonathan Toews wins face-off versus Marc Savard in neutral zone.
0:06 of 1st period - Marek Svatos is hit by Jonathan Toews and loses puck.
0:27 of 1st period - Dennis Wideman is hit by Oleg Saprykin and loses puck.
0:56 of 1st period - Wrist shot by Greg Stewart.
0:56 of 1st period - Stopped by Cam Ward without a rebound.
0:57 of 1st period - Brian Sutherby wins face-off versus Dustin Boyd in Oilers zone.
0:57 of 1st period - Brian Sutherby is hit by Riley Cote.
1:03 of 1st period - Wrist shot by Wayne Simmonds.
1:03 of 1st period - Shot Misses the Net.
2:10 of 1st period - Snap shot by Peter Regin.
2:10 of 1st period - Stopped by Jonathan Bernier without a rebound.
2:11 of 1st period - Peter Regin wins face-off versus Brooks Laich in Canadiens zone.
2:12 of 1st period - Snap shot by Oleg Saprykin.
2:12 of 1st period - Shot Misses the Net.
2:14 of 1st period - Slapshot by Ian White.
2:14 of 1st period - Stopped by Jonathan Bernier with a rebound.
2:31 of 1st period - Minor Penalty to David Hale for Tripping.
2:32 of 1st period - Peter Regin wins face-off versus Marc Savard in Oilers zone.
2:59 of 1st period - Ian White is hit by Devin Setoguchi and loses puck.
4:26 of 1st period - Marc Savard is hit by Steve Begin and loses puck.
4:31 of 1st period - Penalty to David Hale is over, David Hale is back on ice.
4:43 of 1st period - Danny Richmond is hit by Cam Janssen and loses puck.
5:00 of 1st period - Dennis Wideman is hit by Ilya Kovalchuk and loses puck.
7:02 of 1st period - Jiri Fischer is hit by Ilya Kovalchuk and loses puck.
7:15 of 1st period - Slapshot by Brooks Laich.
7:15 of 1st period - Shot Misses the Net.
7:17 of 1st period - Snap shot by Drew Miller.
7:17 of 1st period - Shot Misses the Net.
7:19 of 1st period - Slapshot by Rene Bourque.
7:19 of 1st period - Stopped by Cam Ward with a rebound.
7:33 of 1st period - Icing by Devin Setoguchi.
7:34 of 1st period - Brian Sutherby wins face-off versus Maxim Talbot in Canadiens zone.
7:41 of 1st period - Snap shot by Brian Sutherby.
7:41 of 1st period - Deflect By Wayne Simmonds.
7:41 of 1st period - Stopped by Jonathan Bernier without a rebound.
7:42 of 1st period - Jonathan Toews wins face-off versus Marc Savard in Canadiens zone.
7:43 of 1st period - Snap shot by Ilya Kovalchuk.
7:43 of 1st period - Shot Misses the Net.
8:31 of 1st period - Snap shot by Patrick Kane.
8:31 of 1st period - Stopped by Jonathan Bernier with a rebound.
8:33 of 1st period - Backhand shot by Tomas Fleischmann.
8:33 of 1st period - Goal by Tomas Fleischmann - Oilers : 1 - Canadiens : 0.
8:34 of 1st period - Marc Savard wins face-off versus Jonathan Toews in neutral zone.
8:39 of 1st period - Snap shot by Marek Svatos.
8:39 of 1st period - Shot Misses the Net.
8:57 of 1st period - Minor Penalty to Ian White for Slashing.
8:58 of 1st period - Brian Sutherby wins face-off versus Marek Svatos in Oilers zone.
9:01 of 1st period - Slapshot by Marek Svatos.
9:01 of 1st period - Shot Blocked by Kurt Sauer.
9:19 of 1st period - Marek Svatos is hit by Kurt Sauer and loses puck.
9:49 of 1st period - Snap shot by Marek Svatos.
9:49 of 1st period - Goal by Marek Svatos - Oilers : 1 - Canadiens : 1.
9:50 of 1st period - Brooks Laich wins face-off versus Jonathan Toews in neutral zone.
10:01 of 1st period - Wrist shot by Drew Miller.
10:01 of 1st period - Shot Misses the Net.
10:03 of 1st period - Slapshot by Denis Grebeshkov.
10:03 of 1st period - Stopped by Cam Ward without a rebound.
10:04 of 1st period - Marc Savard wins face-off versus Paul Stastny in Oilers zone.
10:04 of 1st period - Dennis Wideman and Tomas Fleischmann fight to a draw.
10:04 of 1st period - Penalty to Dennis Wideman for Fighting.
10:04 of 1st period - Penalty to Tomas Fleischmann for Fighting.
10:05 of 1st period - Marc Savard wins face-off versus Paul Stastny in Oilers zone.
10:11 of 1st period - Off-side.
10:12 of 1st period - Paul Stastny wins face-off versus Marc Savard in neutral zone.
10:44 of 1st period - Off-side.
10:45 of 1st period - Brian Sutherby wins face-off versus Brooks Laich in neutral zone.
10:58 of 1st period - Snap shot by Brian Sutherby.
10:58 of 1st period - Deflect By Brooks Laich.
10:58 of 1st period - Goal by Brian Sutherby - Oilers : 2 - Canadiens : 1.
10:59 of 1st period - Jonathan Toews wins face-off versus Patrick Sharp in neutral zone.
10:59 of 1st period - Ian White is hit by Marek Svatos.
11:25 of 1st period - Rene Bourque is hit by David Hale and loses puck.
11:54 of 1st period - Wrist shot by Drew Miller.
11:54 of 1st period - Stopped by Cam Ward without a rebound.
11:55 of 1st period - Ilya Kovalchuk wins face-off versus Marc Savard in Oilers zone.
11:55 of 1st period - Ilya Kovalchuk is hit by Marc Savard.
12:03 of 1st period - Wrist shot by Ian White.
12:03 of 1st period - Shot Misses the Net.
12:05 of 1st period - Minor Penalty to Denis Grebeshkov for Hooking.
12:06 of 1st period - Maxim Talbot wins face-off versus Jonathan Toews in Canadiens zone.
12:34 of 1st period - Wrist shot by Ted Purcell.
12:34 of 1st period - Stopped by Jonathan Bernier without a rebound.
12:35 of 1st period - Drew Miller wins face-off versus Paul Stastny in Canadiens zone.
14:05 of 1st period - Penalty to Denis Grebeshkov is over, Denis Grebeshkov is back on ice.
14:24 of 1st period - Danny Richmond is hit by Cam Janssen and loses puck.
14:44 of 1st period - Steve Begin is hit by Marc Savard and loses puck.
14:51 of 1st period - Ian White is hit by Patrick Sharp and loses puck.
15:10 of 1st period - Minor Penalty to Brian Sutherby for Roughing.
15:11 of 1st period - Marc Savard wins face-off versus Peter Regin in Oilers zone.
15:12 of 1st period - Wrist shot by Patrick Sharp.
15:12 of 1st period - Stopped by Cam Ward without a rebound.
15:13 of 1st period - Peter Regin wins face-off versus Marc Savard in Oilers zone.
16:02 of 1st period - Dan Boyle is hit by Ilya Kovalchuk and loses puck.
17:10 of 1st period - Penalty to Brian Sutherby is over, Brian Sutherby is back on ice.
17:26 of 1st period - Slapshot by Danny Richmond.
17:26 of 1st period - Shot Misses the Net.
17:28 of 1st period - Slapshot by Kurt Sauer.
17:28 of 1st period - Shot Misses the Net.
17:30 of 1st period - Wrist shot by Paul Stastny.
17:30 of 1st period - Stopped by Jonathan Bernier with a rebound.
17:39 of 1st period - Off-side.
17:40 of 1st period - Brian Sutherby wins face-off versus Maxim Talbot in neutral zone.
18:09 of 1st period - Ilya Kovalchuk is hit by Denis Grebeshkov and loses puck.
18:24 of 1st period - Snap shot by Rene Bourque.
18:24 of 1st period - Shot Misses the Net.
18:42 of 1st period - Wrist shot by Peter Regin.
18:42 of 1st period - Stopped by Jonathan Bernier with a rebound.
18:44 of 1st period - Wrist shot by Ian White.
18:44 of 1st period - Shot Misses the Net.
18:46 of 1st period - Slapshot by Oleg Saprykin.
18:46 of 1st period - Stopped by Jonathan Bernier without a rebound.
18:47 of 1st period - Marc Savard wins face-off versus Jonathan Toews in Canadiens zone.
18:58 of 1st period - Wrist shot by Ted Purcell.
18:58 of 1st period - Shot Blocked by Dennis Wideman.
19:00 of 1st period - Wrist shot by Jonathan Toews.
19:00 of 1st period - Shot Blocked by Marek Svatos.
19:35 of 1st period - Dan Boyle is hit by Wayne Simmonds.
Goals for this period are 2 for Oilers vs 1 for Canadiens.
Shots for this period are 10 for Oilers vs 6 for Canadiens.
2nd period
0:01 of 2nd period - Jonathan Toews wins face-off versus Patrick Sharp in neutral zone.
0:08 of 2nd period - Snap shot by Marc Savard.
0:08 of 2nd period - Shot Misses the Net.
0:28 of 2nd period - Slapshot by Drew Miller.
0:28 of 2nd period - Stopped by Cam Ward without a rebound.
0:29 of 2nd period - Brooks Laich wins face-off versus Paul Stastny in Oilers zone.
0:30 of 2nd period - Slapshot by Drew Miller.
0:30 of 2nd period - Shot Misses the Net.
0:32 of 2nd period - Wrist shot by Drew Miller.
0:32 of 2nd period - Stopped by Cam Ward with a rebound.
0:34 of 2nd period - Snap shot by Rene Bourque.
0:34 of 2nd period - Shot Misses the Net.
0:36 of 2nd period - Wrist shot by Rene Bourque.
0:36 of 2nd period - Stopped by Cam Ward with a rebound.
0:38 of 2nd period - Slapshot by Dan Boyle.
0:38 of 2nd period - Deflect By Rene Bourque.
0:38 of 2nd period - Shot Misses the Net.
0:38 of 2nd period - Puck is out of play.
0:39 of 2nd period - Jonathan Toews wins face-off versus Marc Savard in Oilers zone.
0:39 of 2nd period - Jonathan Toews is hit by Matt Carle.
1:31 of 2nd period - Slapshot by Jiri Fischer.
1:31 of 2nd period - Stopped by Cam Ward without a rebound.
1:32 of 2nd period - Marc Savard wins face-off versus Peter Regin in Oilers zone.
1:55 of 2nd period - Snap shot by Peter Regin.
1:55 of 2nd period - Shot Misses the Net.
2:19 of 2nd period - Slapshot by Patrick Sharp.
2:19 of 2nd period - Shot Misses the Net.
2:21 of 2nd period - Slapshot by Jiri Fischer.
2:21 of 2nd period - Shot Misses the Net.
2:31 of 2nd period - Wrist shot by Marc Savard.
2:31 of 2nd period - Shot Misses the Net.
2:33 of 2nd period - Snap shot by Marek Svatos.
2:33 of 2nd period - Shot Misses the Net.
2:35 of 2nd period - Wrist shot by Marc Savard.
2:35 of 2nd period - Stopped by Cam Ward with a rebound.
2:45 of 2nd period - Slapshot by Marc Savard.
2:45 of 2nd period - Stopped by Cam Ward without a rebound.
2:46 of 2nd period - Jonathan Toews wins face-off versus Brooks Laich in Oilers zone.
2:51 of 2nd period - Slapshot by Drew Miller.
2:51 of 2nd period - Shot Blocked by Danny Richmond.
2:53 of 2nd period - Minor Penalty to Danny Richmond for Roughing.
2:54 of 2nd period - Brooks Laich wins face-off versus Peter Regin in Oilers zone.
2:59 of 2nd period - Snap shot by Drew Miller.
2:59 of 2nd period - Goal by Drew Miller - Oilers : 2 - Canadiens : 2.
3:00 of 2nd period - Jonathan Toews wins face-off versus Marc Savard in neutral zone.
3:17 of 2nd period - Slapshot by Marek Svatos.
3:17 of 2nd period - Stopped by Cam Ward with a rebound.
5:17 of 2nd period - Snap shot by Drew Miller.
5:17 of 2nd period - Shot Misses the Net.
5:19 of 2nd period - Backhand shot by Denis Grebeshkov.
5:19 of 2nd period - Shot Blocked by Peter Regin.
5:21 of 2nd period - Wrist shot by Rene Bourque.
5:21 of 2nd period - Shot Blocked by Danny Richmond.
5:31 of 2nd period - Slapshot by Marek Svatos.
5:31 of 2nd period - Shot Misses the Net.
5:48 of 2nd period - Stephane Robidas is hit by Dan Boyle and loses puck.
5:49 of 2nd period - Stephane Robidas from Oilers is injured at 5:49 of 2nd period (Strained Left Knee).
5:50 of 2nd period - Jonathan Toews wins face-off versus Marc Savard in Oilers zone.
5:55 of 2nd period - Wrist shot by Patrick Sharp.
5:55 of 2nd period - Shot Misses the Net.
5:57 of 2nd period - Snap shot by Marek Svatos.
5:57 of 2nd period - Shot Misses the Net.
5:59 of 2nd period - Snap shot by Patrick Sharp.
5:59 of 2nd period - Goal by Patrick Sharp - Oilers : 2 - Canadiens : 3.
6:00 of 2nd period - Jonathan Toews wins face-off versus Marc Savard in neutral zone.
6:25 of 2nd period - Paul Stastny is hit by Dennis Wideman and loses puck.
6:34 of 2nd period - Snap shot by Paul Stastny.
6:34 of 2nd period - Shot Misses the Net.
6:48 of 2nd period - Peter Regin is hit by Jiri Fischer and loses puck.
6:54 of 2nd period - Off-side.
6:55 of 2nd period - Marc Savard wins face-off versus Jonathan Toews in neutral zone.
7:30 of 2nd period - Snap shot by Marek Svatos.
7:30 of 2nd period - Goal by Marek Svatos - Oilers : 2 - Canadiens : 4.
7:30 of 2nd period - Sebastien Caron enters game.
7:31 of 2nd period - Brooks Laich wins face-off versus Jonathan Toews in neutral zone.
7:47 of 2nd period - Snap shot by Drew Miller.
7:47 of 2nd period - Shot Misses the Net.
7:57 of 2nd period - Marek Svatos is hit by Kurt Sauer and loses puck.
8:07 of 2nd period - Minor Penalty to Marc Savard for Hooking.
8:08 of 2nd period - Maxim Talbot wins face-off versus Jonathan Toews in Canadiens zone.
8:08 of 2nd period - Maxim Talbot is hit by Danny Richmond.
8:37 of 2nd period - Slapshot by Jonathan Toews.
8:37 of 2nd period - Shot Misses the Net.
8:39 of 2nd period - Slapshot by Danny Richmond.
8:39 of 2nd period - Stopped by Jonathan Bernier without a rebound.
8:40 of 2nd period - Brooks Laich wins face-off versus Paul Stastny in Canadiens zone.
8:51 of 2nd period - Snap shot by Ted Purcell.
8:51 of 2nd period - Stopped by Jonathan Bernier with a rebound.
10:07 of 2nd period - Penalty to Marc Savard is over, Marc Savard is back on ice.
10:15 of 2nd period - Dennis Wideman is hit by Kurt Sauer and loses puck.
10:34 of 2nd period - Denis Grebeshkov is hit by Zach Bogosian and loses puck.
10:43 of 2nd period - Icing by Matt Carle.
10:44 of 2nd period - Paul Stastny wins face-off versus Dustin Boyd in Canadiens zone.
10:45 of 2nd period - Wrist shot by Patrick Kane.
10:45 of 2nd period - Stopped by Jonathan Bernier without a rebound.
10:46 of 2nd period - Paul Stastny wins face-off versus Brooks Laich in Canadiens zone.
10:55 of 2nd period - Snap shot by Paul Stastny.
10:55 of 2nd period - Stopped by Jonathan Bernier with a rebound.
11:24 of 2nd period - Slapshot by Dustin Boyd.
11:24 of 2nd period - Stopped by Sebastien Caron with a rebound.
11:38 of 2nd period - Wrist shot by Ilya Kovalchuk.
11:38 of 2nd period - Shot Misses the Net.
11:40 of 2nd period - Wrist shot by Ilya Kovalchuk.
11:40 of 2nd period - Shot Misses the Net.
11:50 of 2nd period - Minor Penalty to Marek Svatos for Hooking.
11:51 of 2nd period - Maxim Talbot wins face-off versus Patrick Kane in Canadiens zone.
11:51 of 2nd period - Maxim Talbot is hit by Ilya Kovalchuk.
12:03 of 2nd period - Wrist shot by Ilya Kovalchuk.
12:03 of 2nd period - Shot Blocked by Jiri Fischer.
12:05 of 2nd period - Wrist shot by Jonathan Toews.
12:05 of 2nd period - Goal by Jonathan Toews - Oilers : 3 - Canadiens : 4.
12:06 of 2nd period - Marc Savard wins face-off versus Jonathan Toews in neutral zone.
12:11 of 2nd period - Snap shot by Marek Svatos.
12:11 of 2nd period - Deflect By Patrick Sharp.
12:11 of 2nd period - Stopped by Sebastien Caron with a rebound.
12:13 of 2nd period - Snap shot by Patrick Sharp.
12:13 of 2nd period - Shot Misses the Net.
12:19 of 2nd period - Wrist shot by Marek Svatos.
12:19 of 2nd period - Stopped by Sebastien Caron without a rebound.
12:20 of 2nd period - Brooks Laich wins face-off versus Paul Stastny in Oilers zone.
12:37 of 2nd period - Jiri Fischer is hit by Paul Stastny and loses puck.
12:46 of 2nd period - Danny Richmond is hit by Rene Bourque and loses puck.
13:21 of 2nd period - Wrist shot by Brooks Laich.
13:21 of 2nd period - Shot Misses the Net.
13:26 of 2nd period - Minor Penalty to Paul Stastny for Hooking.
13:27 of 2nd period - Patrick Sharp wins face-off versus Peter Regin in Oilers zone.
13:33 of 2nd period - Wrist shot by Marek Svatos.
13:33 of 2nd period - Stopped by Sebastien Caron without a rebound.
13:34 of 2nd period - Marc Savard wins face-off versus Peter Regin in Oilers zone.
14:01 of 2nd period - Slapshot by Matt Carle.
14:01 of 2nd period - Stopped by Sebastien Caron without a rebound.
14:02 of 2nd period - Brooks Laich wins face-off versus Peter Regin in Oilers zone.
14:05 of 2nd period - Wrist shot by Devin Setoguchi.
14:05 of 2nd period - Stopped by Sebastien Caron without a rebound.
14:06 of 2nd period - Brooks Laich wins face-off versus Peter Regin in Oilers zone.
14:19 of 2nd period - Snap shot by Dan Boyle.
14:19 of 2nd period - Deflect By Brooks Laich.
14:19 of 2nd period - Shot Misses the Net.
14:19 of 2nd period - Puck is out of play.
14:20 of 2nd period - Brian Sutherby wins face-off versus Marc Savard in Oilers zone.
14:51 of 2nd period - Snap shot by Devin Setoguchi.
14:51 of 2nd period - Stopped by Sebastien Caron without a rebound.
14:52 of 2nd period - Brooks Laich wins face-off versus Brian Sutherby in Oilers zone.
15:26 of 2nd period - Penalty to Paul Stastny is over, Paul Stastny is back on ice.
15:41 of 2nd period - Snap shot by Patrick Kane.
15:41 of 2nd period - Stopped by Jonathan Bernier with a rebound.
15:57 of 2nd period - Jonathan Toews is hit by Jiri Fischer and loses puck.
16:26 of 2nd period - Snap shot by Steve Begin.
16:26 of 2nd period - Stopped by Jonathan Bernier without a rebound.
16:27 of 2nd period - Marc Savard wins face-off versus Paul Stastny in Canadiens zone.
16:41 of 2nd period - Snap shot by Patrick Sharp.
16:41 of 2nd period - Shot Blocked by Patrick Kane.
16:43 of 2nd period - Wrist shot by Marc Savard.
16:43 of 2nd period - Shot Blocked by Tomas Fleischmann.
16:53 of 2nd period - Greg Stewart is hit by Ilya Kovalchuk and loses puck.
17:20 of 2nd period - Double Minor Penalty to Danny Richmond for Roughing.
17:21 of 2nd period - Brian Sutherby wins face-off versus Marc Savard in Oilers zone.
17:21 of 2nd period - Brian Sutherby is hit by Dan Boyle.
18:01 of 2nd period - Slapshot by Dennis Wideman.
18:01 of 2nd period - Deflect By Zach Bogosian.
18:01 of 2nd period - Stopped by Sebastien Caron without a rebound.
18:02 of 2nd period - Brooks Laich wins face-off versus Brian Sutherby in Oilers zone.
18:13 of 2nd period - Slapshot by Denis Grebeshkov.
18:13 of 2nd period - Shot Blocked by Ian White.
18:15 of 2nd period - Slapshot by Matt Carle.
18:15 of 2nd period - Stopped by Sebastien Caron with a rebound.
Goals for this period are 1 for Oilers vs 3 for Canadiens.
Shots for this period are 7 for Oilers vs 19 for Canadiens.
3rd period
0:01 of 3rd period - Marc Savard wins face-off versus Brian Sutherby in neutral zone.
0:15 of 3rd period - Snap shot by Dan Boyle.
0:15 of 3rd period - Shot Blocked by Ilya Kovalchuk.
0:17 of 3rd period - Wrist shot by Dan Boyle.
0:17 of 3rd period - Shot Blocked by Ilya Kovalchuk.
1:20 of 3rd period - Penalty to Danny Richmond is over, Danny Richmond is back on ice.
1:31 of 3rd period - Zach Bogosian is hit by Dan Boyle.
1:37 of 3rd period - Dennis Wideman is hit by Patrick Kane and loses puck.
2:17 of 3rd period - Matt Carle is hit by Tomas Fleischmann and loses puck.
2:30 of 3rd period - Ian White is hit by Devin Setoguchi and loses puck.
2:51 of 3rd period - Icing by Patrick Kaleta.
2:52 of 3rd period - Jonathan Toews wins face-off versus Dustin Boyd in Oilers zone.
2:57 of 3rd period - Snap shot by Dustin Boyd.
2:57 of 3rd period - Goal by Dustin Boyd - Oilers : 3 - Canadiens : 5.
2:58 of 3rd period - Marc Savard wins face-off versus Jonathan Toews in neutral zone.
3:03 of 3rd period - Kurt Sauer is hit by Dennis Wideman and loses puck.
3:51 of 3rd period - Tomas Fleischmann is hit by Cam Janssen and loses puck.
4:01 of 3rd period - Off-side.
4:02 of 3rd period - Marc Savard wins face-off versus Jonathan Toews in neutral zone.
4:29 of 3rd period - Matt Carle is hit by David Hale.
5:10 of 3rd period - Ian White is hit by Jiri Fischer and loses puck.
5:33 of 3rd period - Jiri Fischer is hit by Zach Bogosian and loses puck.
5:52 of 3rd period - Wrist shot by Patrick Sharp.
5:52 of 3rd period - Shot Misses the Net.
6:14 of 3rd period - Snap shot by Rene Bourque.
6:14 of 3rd period - Stopped by Sebastien Caron with a rebound.
6:16 of 3rd period - Wrist shot by Ladislav Smid.
6:16 of 3rd period - Deflect By Brooks Laich.
6:16 of 3rd period - Shot Misses the Net.
6:16 of 3rd period - Puck is out of play.
6:17 of 3rd period - Jonathan Toews wins face-off versus Maxim Talbot in Oilers zone.
6:22 of 3rd period - Matt Carle is hit by Jonathan Toews and loses puck.
6:33 of 3rd period - Wrist shot by Maxim Talbot.
6:33 of 3rd period - Shot Blocked by David Hale.
6:39 of 3rd period - Minor Penalty to Ted Purcell for Slashing.
6:40 of 3rd period - Marc Savard wins face-off versus Brian Sutherby in Oilers zone.
6:43 of 3rd period - Snap shot by Marek Svatos.
6:43 of 3rd period - Shot Misses the Net.
8:39 of 3rd period - Penalty to Ted Purcell is over, Ted Purcell is back on ice.
8:45 of 3rd period - Patrick Kane is hit by Dustin Boyd and loses puck.
8:55 of 3rd period - Minor Penalty to Riley Cote for Hooking.
8:56 of 3rd period - Maxim Talbot wins face-off versus Jonathan Toews in Canadiens zone.
9:22 of 3rd period - Maxim Talbot is hit by Ted Purcell and loses puck.
9:29 of 3rd period - Wrist shot by Tomas Fleischmann.
9:29 of 3rd period - Shot Misses the Net.
9:41 of 3rd period - Snap shot by Brooks Laich.
9:41 of 3rd period - Shot Misses the Net.
9:43 of 3rd period - Slapshot by Jiri Fischer.
9:43 of 3rd period - Stopped by Sebastien Caron without a rebound.
9:44 of 3rd period - Brooks Laich wins face-off versus Paul Stastny in Oilers zone.
10:03 of 3rd period - Snap shot by Greg Stewart.
10:03 of 3rd period - Deflect By Brooks Laich.
10:03 of 3rd period - Shot Misses the Net.
10:03 of 3rd period - Puck is out of play.
10:04 of 3rd period - Jonathan Toews wins face-off versus Drew Miller in Oilers zone.
10:31 of 3rd period - Ladislav Smid is hit by Danny Richmond and loses puck.
10:55 of 3rd period - Penalty to Riley Cote is over, Riley Cote is back on ice.
11:14 of 3rd period - Snap shot by Peter Regin.
11:14 of 3rd period - Shot Misses the Net.
11:29 of 3rd period - Zach Bogosian is hit by Cam Janssen.
11:33 of 3rd period - Cam Janssen is hit by Oleg Saprykin and loses puck.
11:48 of 3rd period - Snap shot by Cam Janssen.
11:48 of 3rd period - Shot Misses the Net.
11:50 of 3rd period - Wrist shot by Cam Janssen.
11:50 of 3rd period - Deflect By Zach Bogosian.
11:50 of 3rd period - Shot Blocked by Patrick Kaleta.
11:50 of 3rd period - Puck is out of play.
11:51 of 3rd period - Jonathan Toews wins face-off versus Marc Savard in Oilers zone.
11:51 of 3rd period - Jonathan Toews is hit by Marek Svatos.
12:03 of 3rd period - Slapshot by Ilya Kovalchuk.
12:03 of 3rd period - Stopped by Jonathan Bernier without a rebound.
12:04 of 3rd period - Marc Savard wins face-off versus Jonathan Toews in Canadiens zone.
12:17 of 3rd period - Backhand shot by Jonathan Toews.
12:17 of 3rd period - Stopped by Jonathan Bernier without a rebound.
12:18 of 3rd period - Jonathan Toews wins face-off versus Marc Savard in Canadiens zone.
12:19 of 3rd period - Snap shot by Ilya Kovalchuk.
12:19 of 3rd period - Stopped by Jonathan Bernier without a rebound.
12:20 of 3rd period - Patrick Sharp wins face-off versus Ted Purcell in Canadiens zone.
12:31 of 3rd period - Ilya Kovalchuk is hit by Patrick Sharp.
13:18 of 3rd period - Snap shot by Maxim Talbot.
13:18 of 3rd period - Stopped by Sebastien Caron with a rebound.
13:20 of 3rd period - Wrist shot by Maxim Talbot.
13:20 of 3rd period - Deflect By Patrick Kaleta.
13:20 of 3rd period - Shot Blocked by Ian White.
13:20 of 3rd period - Puck is out of play.
13:21 of 3rd period - Jonathan Toews wins face-off versus Marc Savard in Oilers zone.
13:28 of 3rd period - Backhand shot by Marc Savard.
13:28 of 3rd period - Stopped by Sebastien Caron without a rebound.
13:29 of 3rd period - Marc Savard wins face-off versus Jonathan Toews in Oilers zone.
13:32 of 3rd period - Slapshot by Patrick Sharp.
13:32 of 3rd period - Shot Blocked by David Hale.
13:34 of 3rd period - Snap shot by Patrick Sharp.
13:34 of 3rd period - Stopped by Sebastien Caron without a rebound.
13:35 of 3rd period - Jonathan Toews wins face-off versus Marc Savard in Oilers zone.
14:22 of 3rd period - Slapshot by Danny Richmond.
14:22 of 3rd period - Shot Blocked by Dennis Wideman.
14:42 of 3rd period - Slapshot by Danny Richmond.
14:42 of 3rd period - Deflect By Steve Begin.
14:42 of 3rd period - Stopped by Jonathan Bernier without a rebound.
14:43 of 3rd period - Brian Sutherby wins face-off versus Dustin Boyd in Canadiens zone.
15:35 of 3rd period - Slapshot by Paul Stastny.
15:35 of 3rd period - Shot Misses the Net.
15:56 of 3rd period - Danny Richmond is hit by Drew Miller and loses puck.
16:17 of 3rd period - Wrist shot by Dustin Boyd.
16:17 of 3rd period - Shot Misses the Net.
16:19 of 3rd period - Wrist shot by Dennis Wideman.
16:19 of 3rd period - Deflect By Riley Cote.
16:19 of 3rd period - Shot Misses the Net.
16:19 of 3rd period - Puck is out of play.
16:20 of 3rd period - Paul Stastny wins face-off versus Maxim Talbot in Oilers zone.
16:20 of 3rd period - Paul Stastny is hit by Maxim Talbot.
16:23 of 3rd period - Minor Penalty to Tomas Fleischmann for Cross-checking.
16:24 of 3rd period - Marc Savard wins face-off versus Brian Sutherby in Oilers zone.
16:53 of 3rd period - Slapshot by Drew Miller.
16:53 of 3rd period - Stopped by Sebastien Caron without a rebound.
16:54 of 3rd period - Brian Sutherby wins face-off versus Marc Savard in Oilers zone.
17:01 of 3rd period - Snap shot by Oleg Saprykin.
17:01 of 3rd period - Stopped by Jonathan Bernier with a rebound.
17:03 of 3rd period - Wrist shot by Oleg Saprykin.
17:03 of 3rd period - Goal by Oleg Saprykin - Oilers : 4 - Canadiens : 5.
17:04 of 3rd period - Patrick Sharp wins face-off versus Brian Sutherby in neutral zone.
17:09 of 3rd period - Slapshot by Dan Boyle.
17:09 of 3rd period - Shot Misses the Net.
17:43 of 3rd period - Snap shot by Ilya Kovalchuk.
17:43 of 3rd period - Stopped by Jonathan Bernier without a rebound.
17:44 of 3rd period - Peter Regin wins face-off versus Marc Savard in Canadiens zone.
17:57 of 3rd period - Snap shot by Marek Svatos.
17:57 of 3rd period - Shot Misses the Net.
17:59 of 3rd period - Snap shot by Marek Svatos.
17:59 of 3rd period - Shot Misses the Net.
18:01 of 3rd period - Wrist shot by Marek Svatos.
18:01 of 3rd period - Stopped by Sebastien Caron with a rebound.
18:23 of 3rd period - Penalty to Tomas Fleischmann is over, Tomas Fleischmann is back on ice.
18:47 of 3rd period - Minor Penalty to Patrick Sharp for Hooking.
18:48 of 3rd period - Ilya Kovalchuk wins face-off versus Maxim Talbot in Canadiens zone.
18:50 of 3rd period - Wrist shot by Ilya Kovalchuk.
18:50 of 3rd period - Stopped by Jonathan Bernier without a rebound.
18:51 of 3rd period - Todd McLellan call a timeout for Oilers.
18:51 of 3rd period - Maxim Talbot wins face-off versus Jonathan Toews in Canadiens zone.
19:00 of 3rd period - Maxim Talbot is hit by Jonathan Toews and loses puck.
19:03 of 3rd period - Oilers, Sebastien Caron is pulled from the net.
19:23 of 3rd period - Wrist shot by Zach Bogosian.
19:23 of 3rd period - Shot Blocked by Jiri Fischer.
19:25 of 3rd period - Slapshot by Zach Bogosian.
19:25 of 3rd period - Stopped by Jonathan Bernier without a rebound.
19:26 of 3rd period - Brooks Laich wins face-off versus Tomas Fleischmann in Canadiens zone.
19:30 of 3rd period - Off-side.
19:31 of 3rd period - Brooks Laich wins face-off versus Jonathan Toews in neutral zone.
19:38 of 3rd period - Wrist shot by Greg Stewart.
19:38 of 3rd period - Goal by Greg Stewart - Oilers : 4 - Canadiens : 6.
19:38 of 3rd period - Sebastien Caron from Oilers was sent back in the game.
19:39 of 3rd period - Jonathan Toews wins face-off versus Maxim Talbot in neutral zone.
19:52 of 3rd period - Snap shot by Patrick Kane.
19:52 of 3rd period - Shot Blocked by Jiri Fischer.
Goals for this period are 1 for Oilers vs 2 for Canadiens.
Shots for this period are 9 for Oilers vs 9 for Canadiens.
Back to the Top